 Dungeon Crawl Stone Soup version 0.19.1-1-g22dce08 (webtiles) character file.

903 Alarkh the Cleaver (level 7, 13/57 HPs)
             Began as a Green Draconian Monk on Jan 18, 2017.
             Quit the game on level 4 of the Dungeon.
             The game lasted 00:04:13 (3206 turns).

Alarkh the Cleaver (Green Draconian Monk)           Turns: 3206, Time: 00:04:14

Health: 13/57      AC:  7    Str: 13    XL:     7   Next: 80%
Magic:  7/7        EV: 13    Int: 17    God:
Gold:   191        SH:  0    Dex: 19    Spells: 0 memorised, 6 levels left

rFire  . . .     SeeInvis .     a - +0 war axe
rCold  . . .     Gourm    .     (armour unavailable)
rNeg   . . .     Faith    .     (no shield)
rPois  +         Spirit   .     (helmet restricted)
rElec  .         Reflect  .     k - +0 cloak
rCorr  .         Harm     .     (no gloves)
MR     .....                    (no boots)
Stlth  ++........               (no amulet)
                                (no ring)
                                d - +5 ring of dexterity

@: brilliant, slowed, very slow
A: breathe noxious fumes, unfitting armour, poison resistance, cold-blooded, AC
+6
a: Breathe Noxious Fumes


You were on level 4 of the Dungeon.
You were not hungry.

You visited 1 branch of the dungeon, and saw 5 of its levels.

You collected 191 gold pieces.

Inventory:

Hand Weapons
 a - a +0 war axe (weapon)
 u - a +0 hand axe
Armour
 k - a +0 cloak (worn)
Jewellery
 d - a +5 ring of dexterity (left hand)
Wands
 s - a wand of paralysis (15/24)
Scrolls
 e - a scroll of identify
 f - a scroll of teleportation
 g - a scroll of remove curse
 l - a scroll of blinking {unknown}
 m - a scroll of noise {unknown}
 n - a scroll of enchant weapon {unknown}
 p - a scroll of recharging
 t - a scroll of enchant armour {unknown}
Potions
 c - a potion of cure mutation
 i - 2 potions of curing
 j - 2 potions of brilliance
Comestibles
 b - 3 bread rations
 h - 3 slices of pizza
 q - a beef jerky
 r - a meat ration


   Skills:
 - Level 3.2 Fighting
 + Level 9.4 Axes
 - Level 2.6 Dodging
 - Level 1.7 Stealth


You had 6 spell levels left.
You didn't know any spells.

Dungeon Overview and Level Annotations

Branches:
Dungeon (5/15)
 Temple: D:4-7

Altars:
Ashenzari
Cheibriados
Yredelemnul
Zin
The Shining One

Shops:
D:2 *

Annotations:
D:5 MovingMist's ghost, amateur NaFi


Innate Abilities, Weirdness & Mutations

You can breathe blasts of noxious fumes.
Your lurid green scales are hard. (AC +6)
You cannot fit into any form of body armour.
Your system is resistant to poisons. (rPois)
You are cold-blooded and may be slowed by cold attacks.


Message History

Pikel hits you with a whip of freezing.
* * * LOW HITPOINT WARNING * * *
You feel yourself slow down. Pikel freezes you.
* * * LOW HITPOINT WARNING * * *
You slash Pikel!
You kill Pikel!
Your Axes skill gained 2 levels and is now at level 9!
You have reached level 7!
Your scales start taking on a lurid green colour.
You learn Poison Magic much quicker.
You can breathe blasts of noxious fumes.
You feel resistant to poisons.
With Pikel's spell broken, the former slaves thank you for their freedom.
Something closely misses the freed slave.
The freed slave hits the orc.
The freed slave hits the orc wizard.
Something hits the freed slave but does no damage.
The freed slave barely misses the orc wizard.
The orc priest calls upon Beogh to heal the orc wizard.
The orc wizard's wounds heal themselves!
Are you sure you want to abandon this character and quit the game? (Confirm with "yes".)

#<##....# #######.#
#.# #.. ###
.o#################
.oop.pp@.........>#
#p#######.#######.#
#.. #.# #.######
o.. ####.# #.......
... #....# ######..
..###.รท..# ####..
..##....# #.....
#.##....#
######.###.
###..#....#
#...<#.#.#.


You could see an orc priest, an orc wizard, an orc and 4 neutral freed slaves.

Vanquished Creatures
  Pikel (D:4)
  An ogre (D:5)
  The ghost of Paps the Sneak, an amateur GrAs (D:3)
  A bullfrog (D:5)
  A crimson imp (D:3)
  2 centaur skeletons
  5 adders
  An ooze (D:1)
  4 worms (D:2)
  2 dart slugs (D:1)
  3 leopard geckos
  An orc (D:5)
  6 giant cockroaches
  10 goblins
  8 hobgoblins
  4 jackals (D:1)
  4 kobolds (D:1)
  3 quokkas
  A ball python (D:1)
  6 bats
  3 frilled lizards
  A leopard gecko skeleton (D:4)
  4 rats
73 creatures vanquished.

Notes
Turn   | Place    | Note
-------+----------+-------------------------------------------
     0 | D:1      | Alarkh the Draconian Monk began the quest for the Orb.
     0 | D:1      | Reached XP level 1. HP: 19/19 MP: 1/1
    81 | D:1      | Reached XP level 2. HP: 23/26 MP: 2/2
   402 | D:1      | Reached skill level 4 in Axes
   575 | D:1      | Reached XP level 3. HP: 19/31 MP: 3/3
  1360 | D:2      | Found Zin's Purification Station.
  1360 | D:2      | Found a glowing silver altar of Zin.
  1383 | D:2      | Reached skill level 5 in Axes
  1383 | D:2      | Reached XP level 4. HP: 34/38 MP: 4/4
  1719 | D:2      | Found a glowing golden altar of the Shining One.
  1720 | D:2      | Found a shattered altar of Ashenzari.
  1887 | D:3      | Noticed Paps's ghost (amateur GrAs)
  1914 | D:3      | Killed Paps's ghost
  1914 | D:3      | Reached skill level 6 in Axes
  1914 | D:3      | Reached XP level 5. HP: 29/45 MP: 5/5
  2447 | D:3      | Found a snail-covered altar of Cheibriados.
  2560 | D:4      | Noticed a slave
  2633 | D:4      | Reached XP level 6. HP: 46/51 MP: 6/6
  2750 | D:5      | Entered Level 5 of the Dungeon
  2830 | D:5      | Found a basalt altar of Yredelemnul.
  2847 | D:5      | Reached skill level 7 in Axes
  2890 | D:5      | Noticed MovingMist's ghost (amateur NaFi)
  3185 | D:4      | Noticed a slave
  3185 | D:4      | Noticed Pikel
  3185 | D:4      | Noticed a slave
  3186 | D:4      | Noticed a slave
  3205 | D:4      | Killed Pikel
  3205 | D:4      | Reached skill level 9 in Axes
  3205 | D:4      | Your scales start taking on a lurid green colour.
  3205 | D:4      | Reached XP level 7. HP: 12/57 MP: 7/7
  3205 | D:4      | Gained mutation: Your system is resistant to poisons. (rPois) [Green Draconian growth]
  3206 | D:4      | Quit the game

Skill      XL: |  1  2  3  4  5  6 |
---------------+-------------------+-----
Axes           | 4 5 6 9 |  9.4
Fighting       | |  3.2
Dodging        | |  2.6
Stealth        | |  1.7

Action                   |  1- 3 |  4- 6 |  7- 9 || total
-------------------------+-------+-------+-------++-------
Melee: Hand axe          |   117 |   144 |       ||   261
       Tailslap          |    17 |    26 |       ||    43
       War axe           |       |    34 |       ||    34
  Use: Scroll            |     2 |     4 |       ||     6
       Potion            |       |     2 |       ||     2
 Stab: Sleeping          |     5 |    11 |       ||    16
  Eat: Chunk             |     2 |     6 |       ||     8
Armor: Skin              |    21 |    51 |       ||    72
Dodge: Dodged            |    81 |   111 |       ||   192
